 Dungeon Crawl Stone Soup version 0.18.1-6-gd335043 (webtiles) character file.

282 Krapule the Charmwright (level 6, 0/48 HPs)
             Began as a Merfolk Skald on May 16, 2016.
             Was an Initiate of Okawaru.
             Slain by a centaur (5 damage)
             ... on level 5 of the Dungeon.
             The game lasted 00:24:48 (4388 turns).

Krapule the Charmwright (Merfolk Skald)             Turns: 4388, Time: 00:24:49

Health: 0/48       AC:  4    Str: 14    XL:     6   Next: 28%
Magic:  9/10       EV: 13    Int: 11    God:    Okawaru [......]
Gold:   182        SH:  0    Dex: 14    Spells: 2 memorised, 8 levels left

rFire  . . .     SeeInvis .     a - +0 spear
rCold  . . .     Gourm    .     b - +0 leather armour
rNeg   . . .     Faith    .     (no shield)
rPois  .         Spirit   .     g - +0 helmet
rElec  .         Dismiss  .     (no cloak)
rCorr  .         Reflect  .     (no gloves)
SustAt .         Harm     .     (no boots)
MR     .....                    k - amulet of regeneration
Stlth  +.........               (no ring)
                                (no ring)

@: not resistant to hostile enchantments, very unstealthy
A: change form in water, swift swim
a: Renounce Religion


You were on level 5 of the Dungeon.
You worshipped Okawaru.
Okawaru was noncommittal.
You were not hungry.

You visited 2 branches of the dungeon, and saw 6 of its levels.

You collected 182 gold pieces.

Inventory:

Hand Weapons
 a - a +0 spear (weapon)
Missiles
 t - 4 javelins (quivered)
Armour
 b - a +0 leather armour (worn)
 g - a +0 helmet (worn)
Jewellery
 k - an amulet of regeneration (around neck)
 u - an uncursed ring of fire
Scrolls
 m - 2 scrolls of noise {unknown}
 o - 2 scrolls of identify
 p - 2 scrolls of amnesia
 r - a scroll of torment {unknown}
 s - a scroll of remove curse {unknown}
Potions
 f - 4 potions of curing
 h - a potion of degeneration {unknown}
 l - a potion of heal wounds {unknown}
Books
 c - a book of Battle

   Spells                             Type                      Level
   a - Infusion                       Charms                       1
   b - Shroud of Golubria             Charms/Translocation         2
   c - Song of Slaying                Charms                       2
   d - Spectral Weapon                Hexes/Charms                 3
   e - Regeneration                   Charms/Necromancy            3
Comestibles
 d - 4 bread rations
 i - 5 fruits
 j - 2 meat rations
 n - a royal jelly


   Skills:
 + Level 4.0 Fighting
 - Level 3.0 Polearms
 - Level 1.0 Armour
 + Level 4.0 Dodging
 + Level 3.2 Spellcasting
 + Level 4.1 Charms
 - Level 1.0 Translocations
 + Level 0.4 Invocations


You had 8 spell levels left.
You knew the following spells:

 Your Spells              Type           Power        Failure   Level  Hunger
a - Infusion              Chrm           ##..         10%         1    #......
b - Shroud of Golubria    Chrm/Tloc      #.........   21%         2    ###....


Dungeon Overview and Level Annotations

Branches:
Dungeon (5/15)             Temple (1/1) D:4

Altars:
Ashenzari
Cheibriados
Elyvilon
Kikubaaqudgha
Nemelex Xobeh
Okawaru
Qazlal
Ru
Trog
Vehumet
Yredelemnul

Annotations:
D:2 Sigmund
D:4 Dowan, Duvessa
D:5 Grinder


Message History

You hit the centaur.
The centaur is heavily wounded.
The centaur hits you. The centaur barely misses you.
You hit the centaur.
The centaur is severely wounded.
The centaur hits you.
You hit the centaur.
The centaur is severely wounded.
The centaur hits you. The centaur hits you!
* * * LOW HITPOINT WARNING * * *
You hit the centaur.
The centaur is almost dead.
The centaur hits you.
* * * LOW HITPOINT WARNING * * *
You barely miss the centaur.
The centaur is almost dead.
The centaur hits you.
* * * LOW HITPOINT WARNING * * *
The centaur hits you.
You die...

...# ...#
...# ...#
c### (# .#
####### .#
#######.(.#<#
(#
#....(.(#.#@#
.#
#c#######.#c#
(#####(#
#...#
.c.....#
#####
########


You could see a centaur.

Vanquished Creatures
  An orc priest (D:3)
  2 orc wizards (D:5)
  A worker ant (D:4)
  4 adders
  A gnoll (D:1)
  A shadow imp (D:5)
  2 oozes
  4 worms
  3 dart slugs
  2 giant geckos
  13 orcs
  9 bats
  4 giant cockroaches (D:1)
  9 hobgoblins
  6 jackals
  10 kobolds
  A ball python (D:2)
  2 giant newts (D:2)
  7 goblins
  4 rats
86 creatures vanquished.

Notes
Turn   | Place    | Note
--------------------------------------------------------------
     0 | D:1      | Krapule the Merfolk Skald began the quest for the Orb.
     0 | D:1      | Reached XP level 1. HP: 16/16 MP: 3/3
    95 | D:1      | Reached skill level 1 in Armour
   160 | D:1      | Reached XP level 2. HP: 14/23 MP: 5/5
   841 | D:1      | Reached XP level 3. HP: 6/28 MP: 0/6
  1797 | D:2      | Reached XP level 4. HP: 35/35 MP: 7/7
  1927 | D:2      | Noticed Sigmund
  2147 | D:3      | Learned a level 2 spell: Shroud of Golubria
  2266 | D:3      | Reached XP level 5. HP: 41/41 MP: 3/9
  3062 | D:4      | Noticed Duvessa
  3161 | D:4      | Noticed Dowan
  3225 | D:5      | Entered Level 5 of the Dungeon
  3486 | D:5      | Reached skill level 1 in Translocations
  3537 | D:5      | Noticed Grinder
  3546 | D:5      | Reached XP level 6. HP: 48/48 MP: 3/10
  3557 | D:5      | Paralysed by Grinder for 4 turns
  3769 | D:4      | Found a sparkling altar of Nemelex Xobeh.
  3833 | D:4      | Found a staircase to the Ecumenical Temple.
  3842 | Temple   | Entered the Ecumenical Temple
  3984 | Temple   | Became a worshipper of Warmaster Okawaru
  4274 | D:5      | Found a stormy altar of Qazlal.
  4388 | D:5      | Slain by a centaur

Skill      XL: |  1  2  3  4  5  6 |
---------------+-------------------+-----
Armour         | 1 |  1.0
Dodging        | 2 3 4 |  4.0
Fighting       | 3 4 |  4.0
Charms         | 4 |  4.1
Spellcasting   | 3 |  3.2
Translocations | 1 |  1.0
Polearms       | |  3.0
Invocations    | |  0.4

Action                   |  1- 3 |  4- 6 || total
-------------------------+-------+-------++-------
Melee: Spear             |   176 |   279 ||   455
 Cast: Infusion          |     3 |    10 ||    13
       Shroud of Golubri |       |     2 ||     2
  Use: Scroll            |     3 |     1 ||     4
       Potion            |     1 |     3 ||     4
 Stab: Sleeping          |     2 |       ||     2
       Invisible         |       |     1 ||     1
  Eat: Chunk             |     2 |     8 ||    10
       Meat ration       |       |     1 ||     1
Armor: Leather armour    |    34 |    28 ||    62
       Skin              |       |    43 ||    43
Dodge: Dodged            |    73 |   108 ||   181
